Map: Oxide LE

Players

DPGRogue (Rogue)

  • Race: Zerg Zerg

Maru - Winner!

  • Race: Terran Terran
  • League: Master

Event: ASUS ROG Fall 2021

VOD

Have the link to the VOD?

Description

Time

  • Played on: Sept. 19, 2021, 3:04 p.m.
  • Length: 4:20

All games in this series

Show
View Real Time Build Order
Export as new Build Order

DPGRogue Zerg 

Build Orders: Pool Only, Ravager All-In 

Get SALT Encoding   

  12  0:17  Spawning Pool  
  11  0:21  Drone  
  11  0:26  Drone  
  13  0:31  Drone  
  14  0:35  Extractor  
  14  0:38  Drone  
  14  0:41  Extractor  
  13  0:44  Drone  
  14  1:04  Zergling x2, Roach Warren  
  14  1:12  Overlord  
  14  1:23  Overlord  
  14  1:44  Roach x2  
  18  1:48  Roach  
  20  2:00  Roach  
  22  2:04  Ravager  
  22  2:05  Ravager  
  24  2:15  Roach  
  26  2:25  Roach  
  26  2:29  Ravager  
  29  2:43  Overlord  
  28  2:55  Ravager x2  
  30  3:09  Roach  
  30  3:10  Zergling x2  
  33  3:17  Zergling x2  
  33  3:18  Ravager  
  35  3:28  Zergling x2  
  36  3:36  Zergling x2  
  37  3:48  Zergling x2  
  37  3:51  Roach  
  26  4:09  Ravager  
Show
View Real Time Build Order
Export as new Build Order

Maru Terran - Winner!

Build Orders: Cyclone Opening 

Get SALT Encoding   

  12  0:00  SCV  
  13  0:12  SCV  
  14  0:16  Supply Depot  
  14  0:24  SCV  
  15  0:38  SCV  
  15  0:39  Barracks  
  16  0:44  Refinery  
  16  0:50  SCV  
  17  1:02  SCV  
  18  1:14  SCV  
  19  1:27  Orbital Command  
  19  1:30  Marine  
  20  1:38  Command Center  
  20  1:50  Factory  
  20  1:54  SCV  
  21  2:02  Barracks Reactor  
  21  2:06  SCV  
  22  2:10  Supply Depot  
  22  2:18  Marine, SCV  
  23  2:23  Bunker  
  23  2:29  Bunker  
  23  2:32  SCV  
  24  2:37  Marine  
  24  2:39  Factory Tech Lab  
  24  2:44  SCV  
  26  2:55  Bunker  
  26  2:56  SCV  
  26  2:57  Marine, Cyclone  
  26  2:58  Supply Depot  
  30  3:00  Bunker  
  29  3:16  Supply Depot  
  29  3:19  Marine  
  31  3:20  SCV  
  30  3:32  SCV  
  30  3:37  Marine  
  30  3:44  SCV  
  30  3:47  Factory Tech Lab  
  27  3:55  Marine  
  28  3:59  SCV  
Tags
 
Add a new tag
Caveats
  • Supply blocks, unpowered buildings, or Contaminate may cause inaccurate times.
  • Supply counts are checked every 10 seconds.